 Dungeon Crawl Stone Soup version 0.20.0-15-g7f486f2 (webtiles) character file.

60051 vatarom the Slicer (level 14, -9/79 HPs)
             Began as a Vine Stalker Assassin on June 11, 2017.
             Was a High Priest of Uskayaw.
             Mangled by a death yak (17 damage)
             ... on level 6 of the Lair of Beasts.
             The game lasted 00:49:27 (18230 turns).

vatarom the Slicer (Vine Stalker Assassin)         Turns: 18230, Time: 00:49:28

Health: -9/79      AC:  9    Str: 21    XL:     14   Next: 97%
Magic:  0/23       EV: 22    Int: 11    God:    Uskayaw [*****.]
Gold:   1257       SH:  4    Dex: 28    Spells: 13/13 levels left

rFire    . . .     SeeInvis .   w - +2 dagger (vamp)
rCold    + . .     Gourm    .   (no shield)
rNeg     . . .     Faith    .   m - +1 leather armour "Leguefo" {+Inv Str+7 Dex+4}
rPois    +         Spirit   +   F - +0 helmet
rElec    .         Reflect  .   W - +0 cloak of the Cuttlefish {*Corrode rC+ Dex+3}
rCorr    .         Harm     .   j - +1 pair of gloves
MR       +....                  (no boots)
Stlth    +++.......             P - amulet of magic regeneration
Regen    1.1/turn               l - +3 ring of evasion
MPRegen  0.3/turn               z - ring of poison resistance

@: no status effects
A: fangs 3, talons 1, large bone plates 1, blurry vision 1, regeneration 2,
magic shield, antimagic bite, no potion heal 3, rot immunity
a: Stomp, Line Pass, Grand Finale, Renounce Religion, Evoke Invisibility


You were on level 6 of the Lair of Beasts.
You worshipped Uskayaw.
Uskayaw was aware of your devotion.
You were not hungry.

You visited 3 branches of the dungeon, and saw 21 of its levels.
You also visited: Labyrinth.

You collected 1257 gold pieces.

Inventory:

Hand Weapons
 b - a +0 blowgun
 w - a +2 vampiric dagger (weapon)
Missiles
 a - 8 curare-tipped needles
 e - 121 poisoned needles
Armour
 j - a +1 pair of gloves (worn)
 m - the +1 leather armour "Leguefo" (worn) {+Inv Str+7 Dex+4}
   (You found it on level 6 of the Dungeon)

   It affects your strength (+7).
   It affects your dexterity (+4).
   It lets you turn invisible.
 F - a +0 helmet (worn)
 W - the +0 cloak of the Cuttlefish (worn) {*Corrode rC+ Dex+3}
   (You found it on level 6 of the Lair of Beasts)

   It affects your dexterity (+3).
   It protects you from cold.
   It may corrode you when you take damage.
Jewellery
 f - an uncursed ring of positive energy
 l - a +3 ring of evasion (left hand)
 r - an uncursed ring of protection from fire
 z - a ring of poison resistance (right hand)
 H - a +3 amulet of reflection
 I - an uncursed ring of see invisible
 P - an amulet of magic regeneration (around neck)
 R - an uncursed ring of protection from cold
Wands
 s - a wand of iceblast (15/15)
 t - a wand of lightning (7/15)
 C - a wand of digging (11/24)
 D - a wand of lightning (4/15)
 E - a wand of digging (14/24)
 K - a wand of iceblast (11/15)
 M - a wand of iceblast (4/15)
 O - a wand of lightning (11/15)
 V - a wand of scattershot (0/9)
Scrolls
 c - a scroll of fog
 h - a scroll of identify
 k - 16 scrolls of remove curse
 n - a scroll of teleportation
 o - a scroll of enchant armour
 p - 2 scrolls of immolation
 y - 3 scrolls of amnesia
 B - 2 scrolls of silence
 L - a scroll of magic mapping
 N - 3 scrolls of recharging
 T - a scroll of blinking
Potions
 i - 4 potions of flight
 u - a potion of ambrosia
 x - a potion of agility
 G - a potion of resistance
 J - a potion of magic
 Q - a potion of curing
 S - a potion of brilliance
 U - a potion of haste
Comestibles
 g - 9 bread rations
 q - 11 meat rations
 v - 16 fruits
 A - 20 royal jellies


   Skills:
 - Level 11.2 Fighting
 - Level 14.3 Short Blades
 - Level 1.7 Throwing
 + Level 7.1 Armour
 + Level 7.3 Dodging
 - Level 4.8 Stealth
 - Level 11.6 Invocations


You had 13 spell levels left.
You didn't know any spells.

Dungeon Overview and Level Annotations

Branches:
Dungeon (14/15)            Temple (1/1) D:6            Lair (6/6) D:9
 Shoals (0/4) Lair:2       Spider (0/4) Lair:2        Slime (0/5) Lair:6
    Orc (0/2) D:12         Vaults (0/5) D:13

Altars:
Ashenzari
Cheibriados
Dithmenos
Elyvilon
Fedhas
Gozag
Hepliaklqana
Kikubaaqudgha
Makhleb
Nemelex Xobeh
Okawaru
Qazlal
Ru
Sif Muna
Trog
Uskayaw
Vehumet
Xom
Yredelemnul
Zin
The Shining One
Jiyva

Shops:
D:9 %   D:12 *

Annotations:
D:6 adept's ghost, novice GrEE
D:7 Joseph
Lair:4 exclusion: 2 oklob plants
Lair:5 exclusion: 2 oklob plants


Innate Abilities, Weirdness & Mutations

You have razor-sharp teeth.
You heal very quickly.
When hurt, damage is shared between your health and your magic reserves.
Your bite disrupts and absorbs the magic of your enemies.
Potions cannot restore your health.
You are immune to rotting.
You have sharp toenails.
You are partially covered in large bone plates. (SH +4)
Scrolls take you a little longer to read.


Message History

* * * LOW HITPOINT WARNING * * *
You hit the death yak.
You feel better.
Your kick misses the death yak. You bite the death yak. You drain its power.
You feel invigorated.
The death yak is lightly wounded.
You hit the death yak but do no damage.
You claw the death yak, but do no damage.
You bite the death yak, but do no damage.
The death yak is lightly wounded.
The death yak completely misses you.
You hit the death yak.
You claw the death yak, but do no damage.
You bite the death yak, but do no damage.
The death yak is lightly wounded.
You barely miss the death yak.
You claw the death yak, but do no damage.
You bite the death yak. You drain its power.
You feel invigorated.
The death yak is lightly wounded.
You block the death yak's attack. The death yak gores you!!
You die...

≈.≈.........#
≈.≈........##
≈≈≈..........#
≈≈≈..........#
≈≈≈......#.#.###
P≈≈............#
≈≈.......#.#.#.#
≈P.....†††....##
≈..≈...††#@#.##
.≈......†Y....#
≈≈≈......#Y#.##
##............#
.........#.#.##
..............#
.........#.#.##
..............#
.........#.# ##


You could see 2 death yaks.

Vanquished Creatures
  Snorg (D:13)
  A minotaur (Lab)
  Josephine (Lair:5)
  6 hydras
  Erolcha (D:12)
  A yaktaur captain (D:13)
  Harold (Lair:4)
  The ghost of Mesmaeker13 the Covert, a journeyman HuWn of Ashenzari (Lair:2)
  A catoblepas (Lair:3)
  Erica (Lair:1)
  4 two-headed ogres
  3 death yaks (Lair:6)
  Sonja (D:12)
  Nergalle (Lair:1)
  A wizard (D:13)
  A cyclops (D:9)
  2 manticores
  A black mamba (Lair:6)
  2 centaur zombies
  A torpor snail (Lair:4)
  23 spiny frogs
  2 yaktaurs (D:13)
  4 kobold demonologists (D:12)
  4 komodo dragons
  2 rime drakes (Lair:1)
  A queen bee (Lair:1)
  A queen bee (shapeshifter) (D:13)
  2 polar bears (D:11)
  4 trolls
  2 tyrant leeches (Lair:6)
  6 slime creatures
  2 hornets
  31 blink frogs
  8 hippogriffs
  A redback (Lair:2)
  6 wraiths
  27 yaks
  4 basilisks
  A hungry ghost (D:12)
  6 wyverns
  4 vampire mosquitoes (Lair:6)
  The ghost of multipassport the Sneak, an amateur DsAs (D:4)
  An acid dragon (D:13)
  8 water moccasins
  13 porcupines
  3 ice beasts
  12 orc warriors
  6 black bears
  2 phantoms
  A sky beast (D:9)
  A necrophage (D:13)
  An eye of draining (D:13)
  13 ogres
  11 wolves
  5 centaurs
  2 big kobolds
  7 crocodiles
  25 bullfrogs
  A wyvern skeleton (D:10)
  5 scorpions
  32 killer bees
  10 wights
  2 electric eels (Lair:6)
  3 howler monkeys
  6 crimson imps
  A quasit (D:9)
  2 bullfrog zombies
  3 centaur skeletons
  4 hounds
  7 jellies
  6 orc priests
  4 bullfrog skeletons
  10 orc wizards
  6 iguanas
  10 worker ants
  A hound zombie (D:7)
  10 gnolls
  8 adders
  5 shadow imps
  2 worms
  A dart slug (D:1)
  6 leopard geckos
  59 orcs
  18 giant cockroaches
  4 goblins
  4 hobgoblins
  15 jackals
  3 quokkas
  A ball python skeleton (D:4)
  15 bats
  6 frilled lizards
  15 kobolds
  A quokka skeleton (D:4)
  9 rats
580 creatures vanquished.

Vanquished Creatures (others)
  An unseen horror (D:13)
  A goblin (D:1)
  27 fungi
  34 plants
63 creatures vanquished.

Grand Total: 643 creatures vanquished

Notes
Turn   | Place    | Note
-------+----------+-------------------------------------------
     0 | D:1      | vatarom the Vine Stalker Assassin began the quest for the Orb.
     0 | D:1      | Reached XP level 1. HP: 11/11 MP: 2/2
   351 | D:1      | Reached XP level 2. HP: 15/16 MP: 3/3
   613 | D:1      | Reached XP level 3. HP: 5/20 MP: 4/4
  1727 | D:3      | Gained mutation: Your natural rate of healing is unusually fast. [Vine Stalker growth]
  1727 | D:3      | Reached XP level 4. HP: 17/25 MP: 5/5
  2465 | D:4      | Found an opulent altar of Gozag.
  2506 | D:4      | Reached XP level 5. HP: 21/30 MP: 3/6
  2568 | D:4      | Reached skill level 5 in Fighting
  2664 | D:4      | Noticed an ogre
  2680 | D:4      | Killed an ogre
  2680 | D:4      | Reached XP level 6. HP: 16/36 MP: 3/7
  2952 | D:4      | Noticed multipassport's ghost (amateur DsAs)
  2974 | D:4      | Reached XP level 7. HP: 28/41 MP: 8/8
  3081 | D:4      | Killed multipassport's ghost
  3081 | D:4      | Reached skill level 3 in Short Blades
  3461 | D:5      | Entered Level 5 of the Dungeon
  3717 | D:5      | Reached skill level 4 in Short Blades
  3717 | D:5      | Gained mutation: You have razor-sharp teeth. [Vine Stalker growth]
  3717 | D:5      | Reached XP level 8. HP: 29/46 MP: 6/9
  3926 | D:5      | Reached skill level 5 in Short Blades
  4313 | D:6      | Noticed adept's ghost (novice GrEE)
  4505 | D:5      | Reached skill level 6 in Short Blades
  4536 | D:6      | Found a staircase to the Ecumenical Temple.
  4558 | Temple   | Entered the Ecumenical Temple
  4696 | Temple   | Became a worshipper of Uskayaw the Reveler
  4801 | D:6      | Reached * piety under Uskayaw
  4839 | D:6      | Reached ** piety under Uskayaw
  4994 | D:5      | Reached skill level 1 in Invocations
  5129 | D:6      | Reached *** piety under Uskayaw
  5132 | D:6      | Reached skill level 7 in Short Blades
  5300 | D:6      | Got an amethyst-encrusted leather armour
  5311 | D:6      | Identified the +1 leather armour "Leguefo" {+Inv Str+7 Dex+4} (You found it on level 6 of the Dungeon)
  5341 | D:6      | Reached skill level 1 in Armour
  5341 | D:6      | Reached XP level 9. HP: 50/50 MP: 12/12
  5736 | D:7      | Reached **** piety under Uskayaw
  5741 | D:7      | Reached ***** piety under Uskayaw
  6017 | D:7      | Noticed Joseph
  6771 | D:7      | Reached skill level 5 in Armour
  6849 | D:8      | Reached skill level 5 in Invocations
  6877 | D:8      | Reached skill level 1 in Dodging
  7052 | D:8      | Reached XP level 10. HP: 55/55 MP: 14/14
  7528 | D:8      | Noticed a two-headed ogre
  7559 | D:8      | Killed a two-headed ogre
  7967 | D:9      | Found a staircase to the Lair.
  7991 | D:9      | Reached skill level 5 in Dodging
  8105 | D:9      | Noticed a cyclops
  8125 | D:9      | Killed a cyclops
  8270 | D:9      | Found Myahaolo's Food Boutique.
  8640 | D:9      | Gained mutation: You are covered in fur. (AC +1) [mutagenic meat]
  8642 | D:9      | Gained mutation: You are dopey. (Int -2) [mutagenic meat]
  8643 | D:9      | Gained mutation: You are robust. (+10% HP) [mutagenic meat]
  8644 | D:9      | Lost mutation: You are dopey. (Int -2) [mutagenic meat]
  8895 | D:10     | Entered Level 10 of the Dungeon
  9014 | D:10     | Reached XP level 11. HP: 63/63 MP: 17/17
  9058 | D:10     | Reached skill level 8 in Short Blades
  9561 | D:10     | Reached skill level 9 in Short Blades
 10129 | D:11     | Got a distressingly furry ring mail
 10130 | D:11     | Identified the +3 ring mail of the Crown {rC- MR- rCorr Dex+5} (You found it on level 11 of the Dungeon)
 10318 | D:11     | Noticed a two-headed ogre
 10322 | D:11     | Killed a two-headed ogre
 10383 | D:11     | Found a bloodstained altar of Trog.
 10445 | D:11     | Noticed a two-headed ogre
 10449 | D:11     | Killed a two-headed ogre
 10726 | D:12     | Found a labyrinth entrance.
 10733 | Lab      | Entered a labyrinth
 11317 | Lab      | Noticed a minotaur
 11322 | Lab      | Killed a minotaur
 11322 | Lab      | Reached skill level 10 in Short Blades
 11324 | Lab      | Got a slimy granite ring
 11325 | Lab      | Got a crystal morningstar
 11387 | Lab      | Identified the cursed +1 morningstar of Gesy {freeze, Fragile rN+ MP+9 Stlth+} (You found it in a labyrinth)
 11388 | Lab      | Identified the ring of Leaves {rElec rC+ rN+ Slay-3 SInv} (You found it in a labyrinth)
 11624 | D:12     | Noticed a sixfirhy
 11715 | D:12     | Noticed Sonja
 11726 | D:12     | Lost mutation: You are covered in fur. (AC +1) [potion of mutation]
 11726 | D:12     | Lost mutation: You are robust. (+10% HP) [potion of mutation]
 11726 | D:12     | Gained mutation: Scrolls take you a little longer to read. [potion of mutation]
 11726 | D:12     | Gained mutation: You are partially covered in large bone plates. (SH +4) [potion of mutation]
 11726 | D:12     | Gained mutation: You have sharp toenails. [potion of mutation]
 11743 | D:12     | Noticed Erolcha
 11761 | D:12     | Killed Erolcha
 11761 | D:12     | Gained mutation: You heal very quickly. [Vine Stalker growth]
 11761 | D:12     | Reached XP level 12. HP: 23/63 MP: 20/20
 11826 | D:12     | Killed Sonja
 11996 | D:12     | Noticed a two-headed ogre
 12003 | D:12     | Killed a two-headed ogre
 12003 | D:12     | Reached skill level 11 in Short Blades
 12014 | D:12     | Reached skill level 10 in Invocations
 12054 | D:12     | Found Neiwoemo's General Store.
 12078 | D:12     | Found a staircase to the Orcish Mines.
 12354 | D:13     | Noticed Snorg
 12361 | D:13     | Noticed a yaktaur captain
 12375 | D:13     | Killed a yaktaur captain
 12387 | D:13     | Killed Snorg
 12387 | D:13     | Reached skill level 12 in Short Blades
 12416 | D:13     | Found a gate to the Vaults.
 12694 | D:13     | Reached ****** piety under Uskayaw
 12697 | D:13     | Paralysed by a hornet for 2 turns
 13140 | D:14     | Reached XP level 13. HP: 47/67 MP: 22/22
 13515 | Lair:1   | Entered Level 1 of the Lair of Beasts
 13517 | Lair:1   | Reached skill level 13 in Short Blades
 13652 | Lair:1   | Noticed Nergalle
 13658 | Lair:1   | Noticed Erica
 13659 | Lair:1   | Killed Nergalle
 13665 | Lair:1   | Killed Erica
 14043 | Lair:1   | Got a translucent leather armour
 14270 | Lair:2   | Found a staircase to the Shoals.
 14338 | Lair:2   | Identified the +1 leather armour of Tenacity {rN+ rCorr Int-3} (You found it on level 1 of the Lair of Beasts)
 14404 | Lair:2   | Noticed Mesmaeker13's ghost (journeyman HuWn)
 14460 | Lair:2   | Killed Mesmaeker13's ghost
 14556 | Lair:2   | Found a hole to the Spider Nest.
 15983 | Lair:4   | Reached skill level 10 in Fighting
 16102 | Lair:4   | Reached XP level 14. HP: 54/77 MP: 16/23
 16236 | Lair:4   | Reached skill level 14 in Short Blades
 16421 | Lair:4   | Noticed Harold
 16426 | Lair:4   | Killed Harold
 16887 | Lair:5   | Noticed Josephine
 16904 | Lair:5   | Killed Josephine
 17515 | Lair:6   | Entered Level 6 of the Lair of Beasts
 17515 | Lair:6   | Found a viscous altar of Jiyva.
 17515 | Lair:6   | Found a staircase to the Slime Pits.
 17531 | Lair:6   | Got a fine chain mail
 17540 | Lair:6   | Identified the cursed +1 chain mail "Hocarups" {*Corrode Dex+3 Stlth+} (You found it on level 6 of the Lair of Beasts)
 18091 | Lair:6   | Got a transparent cloak
 18103 | Lair:6   | Identified the +0 cloak of the Cuttlefish {*Corrode rC+ Dex+3} (You found it on level 6 of the Lair of Beasts)
 18223 | Lair:6   | HP: 2/79 [death yak (19)]
 18230 | Lair:6   | Mangled by a death yak

Skill      XL: |  1  2  3  4  5  6  7  8  9 10 11 12 13 14 |
---------------+-------------------------------------------+-----
Fighting       | 2 3 4 5 6 7 10 11 | 11.2
Short Blades   | 4 7 10 12 13 14 | 14.3
Invocations    | 3 5 7 9 11 | 11.6
Armour         | 1 5 7 |  7.1
Dodging        | 2 5 7 |  7.3
Throwing       | |  1.7
Stealth        | |  4.8

Action                   |  1- 3 |  4- 6 |  7- 9 | 10-12 | 13-15 || total
-------------------------+-------+-------+-------+-------+-------++-------
Melee: Dagger            |   133 |   146 |   391 |   693 |   909 ||  2272
       Bite              |    28 |    59 |   169 |   362 |   523 ||  1141
       Kick              |       |       |       |   105 |   500 ||   605
 Fire: Blowgun           |       |     6 |    11 |    14 |       ||    31
Invok: Line Pass         |       |       |     1 |     1 |     3 ||     5
       Stomp             |       |       |       |     4 |     4 ||     8
       Grand Finale      |       |       |       |     1 |     2 ||     3
Evoke: Wand              |       |       |     1 |     3 |     1 ||     5
  Use: Scroll            |     5 |     4 |     6 |    17 |    10 ||    42
       Potion            |     1 |     2 |     4 |     9 |       ||    16
 Stab: Sleeping          |    11 |     5 |    26 |    17 |    17 ||    76
       Paralysed         |       |       |     5 |    38 |    65 ||   108
       Distracted        |       |       |     1 |     6 |     2 ||     9
       Confused          |       |       |     1 |       |     2 ||     3
  Eat: Chunk             |     1 |     1 |     5 |    12 |     2 ||    21
       Bread ration      |     1 |       |     2 |     4 |     4 ||    11
Armor: Robe              |    37 |    22 |    35 |       |       ||    94
       Skin              |     4 |       |       |       |       ||     4
       Leather armour    |       |       |    13 |   101 |    90 ||   204
Dodge: Dodged            |    68 |    72 |   184 |   390 |   485 ||  1199
Block: Other             |       |       |       |    54 |   163 ||   217
       Reflection        |       |       |       |     4 |       ||     4
